 Dungeon Crawl Stone Soup version 0.29.1-15-g9cfb28693d (webtiles) character file.

Game seed: 7715905155970755505

88 Barneous the Conjurer (level 4, -9/27 HPs)
             Began as an Octopode Conjurer on Mar 23, 2023.
             Killed from afar by Ijyb (10 damage)
             ... with a puff of flame
             ... on level 3 of the Dungeon.
             The game lasted 00:07:49 (2682 turns).

Barneous the Conjurer (Octopode Conjurer)           Turns: 2682, Time: 00:07:50

Health: -9/27      AC:  1    Str:  4 (6)  XL:     4   Next: 53%
Magic:  7/8        EV: 17    Int: 19 (22) God:
Gold:   92         SH:  0    Dex: 10      Spells: 5/8 levels left

rFire   . . .      SeeInvis .   i - +0 short sword
rCold   . . .      Faith    .   (no shield)
rNeg    . . .      Spirit   .   (helmet restricted)
rPois   .          Reflect  .   a - amulet of magic regeneration
rElec   .          Harm     .   d - ring of willpower
rCorr   .          Rampage  .   h - +4 ring of evasion
Will    +....                   (no ring)
Stlth   +++.......              (no ring)
HPRegen 0.09/turn               (no ring)
MPRegen 0.51/turn               (no ring)
                                (no ring)
                                (no ring)

@: no status effects
A: almost no armour, amphibious, 8 rings, camouflage 1, gelatinous body 1,
(nimble swimmer 1), tentacles
a: no special abilities


You were on level 3 of the Dungeon.
You visited 1 branch of the dungeon, and saw 3 of its levels.

You collected 92 gold pieces.

Inventory:

Hand Weapons
 c - a +0 sling
 i - a +0 short sword (weapon)
Magical Staves
 e - a staff of death
Jewellery
 a - an amulet of magic regeneration (around mantle)
 d - a ring of willpower (left tentacle)
 h - a +4 ring of evasion (right tentacle)
Scrolls
 g - a scroll of teleportation


   Skills:
 + Level 0.2 Fighting
 + Level 0.1 Short Blades
 + Level 0.3 Ranged Weapons
 * Level 2.2 Dodging
 * Level 3.5 Stealth
 * Level 1.6 Unarmed Combat
 * Level 2.9 Spellcasting
 + Level 4.2 Conjurations


You had 5 spell levels left.
You knew the following spells:

 Your Spells              Type           Power      Damage    Failure   Level
a - Magic Dart            Conj           76%        1d6       2%          1
b - Searing Ray           Conj           38%        2d5       4%          2

Your spell library contained the following spells:

 Spells                   Type           Power      Damage    Failure   Level
 Dazzling Flash           Conj/Hex       20%        N/A       19%         3
 Ensorcelled Hibernation  Hex/Ice        4%         N/A       24%         2
 Passwall                 Tmut/Erth      1%         N/A       24%         2
 Swiftness                Air            2%         N/A       43%         3
 Fulminant Prism          Conj/Hex       5%         3d7       54%         4
 Iskenderun's Mystic Bla  Conj/Tloc      10%        2d4       54%         4


Dungeon Overview and Level Annotations

Branches:
Dungeon (3/15)

Altars:

Annotations:
D:3 Grinder, Ijyb


Innate Abilities, Weirdness & Mutations

You cannot wear most types of armour.
You are amphibious.
You can wear up to eight rings at the same time.
Your skin changes colour to match your surroundings (Stealth+).
Your rubbery body absorbs attacks. (AC +1, EV +1)
((You are camouflaged when in or above water. (Stealth+)))
You have tentacles for arms and can constrict up to eight enemies at once.


Message History

Aim: Ijyb, wielding a +0 dagger, wearing a +2 ring mail of fire resistance and carrying a wand of flame (14) (75% to hit)
The searing ray hits Ijyb.
Ijyb is lightly wounded. (Press . to maintain the ray.) Ijyb zaps a wand.
The puff of flame misses you.
The searing ray hits Ijyb!
Ijyb is heavily wounded.
Ijyb zaps a wand.
The puff of flame hits you.
The searing ray hits Ijyb but does no damage.
Ijyb is heavily wounded.
The searing ray misses Ijyb.
You finish channelling your searing ray.
You hit Ijyb but do no damage. You grab Ijyb.
Ijyb is moderately wounded.
You constrict Ijyb, but do no damage. Ijyb hits you with a +0 dagger.
You are too injured to fight recklessly!
You are too injured to fight recklessly!
You hit Ijyb but do no damage.
Ijyb is moderately wounded.
You constrict Ijyb, but do no damage. Ijyb barely misses you.
You closely miss Grinder. You grab Grinder.
You constrict Ijyb, but do no damage. You constrict Grinder. Grinder hits you.
* * * LOW HITPOINT WARNING * * *
You writhe in agony.
* * * LOW HITPOINT WARNING * * *
Ijyb barely misses you.
You hit Ijyb but do no damage.
Ijyb is moderately wounded.
You constrict Ijyb. You constrict Grinder. Grinder gestures at you.
Pain shoots through your body!
* * * LOW HITPOINT WARNING * * *
Ijyb barely misses you.
Unknown command.
You barely miss Ijyb. You squeeze Ijyb, but do no damage.
Ijyb is heavily wounded.
You constrict Ijyb, but do no damage.
You constrict Grinder, but do no damage.
Grinder blinks free!
Ijyb zaps a wand.
The puff of flame hits you!
You die...

....... .......
.......###
.........
........########
..........<....#
....5....#.#####
##.......#.#
#...#.@.#..
#...#g#ยง..##
#.. #.#..## #.
#...... .r
#.#..#.#
#........ #.
....... #. .#..
..


You could see Grinder and Ijyb.

Vanquished Creatures
  Crazy Yiuf (D:2)
  Robin (D:2)
  A dart slug (D:2)
  7 endoplasms
  11 goblins
  4 hobgoblins (D:2)
  3 jackals (D:1)
  4 kobolds (D:1)
  A quokka (D:1)
  5 ball pythons
  4 bats
  4 rats
46 creatures vanquished.

Notes
Turn   | Place    | Note
-------+----------+-------------------------------------------
     0 | D:1      | Barneous the Octopode Conjurer began the quest for the Orb.
     0 | D:1      | Reached XP level 1. HP: 11/11 MP: 3/3
   354 | D:1      | Reached XP level 2. HP: 17/17 MP: 0/5
   410 | D:1      | Reached skill level 1 in Unarmed Combat
   586 | D:1      | Learned a level 2 spell: Searing Ray
  1468 | D:1      | Reached XP level 3. HP: 21/21 MP: 4/6
  1972 | D:2      | Found a faded altar of an unknown god.
  2056 | D:2      | Noticed Robin
  2063 | D:2      | Killed Robin
  2064 | D:2      | Reached XP level 4. HP: 25/27 MP: 0/8
  2441 | D:2      | Found a runed translucent door.
  2442 | D:2      | Noticed Crazy Yiuf
  2450 | D:2      | Killed Crazy Yiuf
  2670 | D:3      | Noticed Ijyb
  2673 | D:3      | Noticed Grinder
  2681 | D:3      | HP: 1/27 [Grinder/nerve-wracking pain (5)]
  2682 | D:3      | Killed from afar by Ijyb

Illustrated notes

Levels and vault maps discovered:
D:1:      dpeg_arrival_ternary, layout_basic, minmay_pentomino_w4
D:2:      layout_rooms, hellmonk_ecumenical_altar_run_dry, uniq_robin,
          uniq_crazy_yiuf_cottage
D:3:      layout_basic, nicolae_elevator_lobby_asterisk, uniq_jessica,
          uniq_ijyb, uniq_grinder

Skill      XL: |  1  2 |
---------------+-------+-----
Unarmed Combat | 1 |  1.6
Stealth        | 3 |  3.5
Fighting       | |  0.2
Short Blades   | |  0.1
Ranged Weapons | |  0.3
Dodging        | |  2.2
Spellcasting   | |  2.9
Conjurations   | |  4.2

Action                   |  1- 3 |  4- 6 || total
-------------------------+-------+-------++-------
Melee: Dagger            |    34 |       ||    34
       Tentacles         |    12 |     1 ||    13
       Constrict         |     7 |     2 ||     9
       Short sword       |       |     5 ||     5
 Fire: Sling             |     3 |       ||     3
 Cast: Magic Dart        |    69 |     3 ||    72
       Searing Ray       |     1 |     2 ||     3
  Use: Scroll            |     8 |     2 ||    10
       Potion            |     3 |     2 ||     5
Armor: Skin              |     1 |       ||     1
Dodge: Dodged            |    24 |     6 ||    30
